 Dungeon Crawl Stone Soup version 0.31-a0-1005-gfbdfbac (webtiles) character file.

Game seed: 16855227080751813093

201990 Partyfoot the Warrior (level 17, -1/144 HPs)
             Began as a Demonspawn Fighter on Nov 11, 2023.
             Was the Champion of Okawaru.
             Drowned by a water nymph (8 damage)
             ... on level 4 of the Shoals.
             The game lasted 01:40:20 (42247 turns).

Partyfoot the Warrior (Demonspawn Fighter)         Turns: 42247, Time: 01:40:21

Health: -1/144     AC: 44    Str: 22    XL:     17   Next: 93%
Magic:  22/23      EV: 10    Int:  9    God:    Okawaru [******]
Gold:   462        SH: 15    Dex: 16    Spells: 12/16 levels left

rFire   + . .        r - +8 trident of the Octopus King {venom, rElec rPois}
rCold   + . .        T - +0 kite shield {reflect}
rNeg    . . .        I - +9 crystal plate armour of Somewhere Else {Rampage Str+2 Slay+3}
rPois   +            (helmet unavailable)
rElec   +            F - +2 cloak
rCorr   .            (no gloves)
SInv    .            Y - +1 pair of boots {Stlth+}
Will    +....        (no amulet) Stlth
                     U - ring of protection from fire
HPRegen 0.44/turn    P - ring of protection from cold
MPRegen 0.18/turn

%: random rage (3%), reflection, rampage
@: lethally poisoned (-1 -> -17), heroic, engulfed (cannot breathe), studying 2
skills, very slow
A: horns 3, slimy green scales 1, ignite blood 2, powered by death 3, berserk 1,
dopey 1
}: 1/15 runes: serpentine
a: Renounce Religion, Heroism, Finesse, Duel


You were on level 4 of the Shoals.
You worshipped Okawaru.
Okawaru was exalted by your worship.
You visited 5 branches of the dungeon, and saw 29 of its levels.
You visited the Abyss 1 time.
You also visited: Volcano.

You collected 2786 gold pieces.
You spent 2324 gold pieces at shops.

Inventory:

Hand Weapons
 r - the +8 trident of the Octopus King (weapon) {venom, rElec rPois}
   (You found it on level 3 of the Dungeon)

   rElec:     It insulates you from electricity.
   rPois:     It protects you from poison
 H - a +0 demon trident of freezing
Missiles
 Q - 33 silver javelins (quivered)
 S - 6 throwing nets
Armour
 e - the +3 Mad Mage's Maulers {Infuse+∞ VampMP -Cast}
   (You acquired it on level 5 of the Dungeon)

   Infuse+∞: It empowers its wearer's blows with all of their magic.
   VampMP:    Blows struck in melee replenish the wearer's magic.
   -Cast:     It prevents spellcasting.
 E - a +0 tower shield
 F - a +2 cloak (worn)
 I - the +9 crystal plate armour of Somewhere Else (worn) {Rampage Str+2 Slay+3}
   (Okawaru gifted it to you on level 2 of the Lair of Beasts)

   Str+2:     It affects your strength (+2).
   Slay+3:    It affects your accuracy & damage with ranged weapons and melee
   (+3).
   Rampage:   It bestows one free step when moving towards enemies.
 T - a +0 kite shield of reflection (worn)
 Y - a +1 pair of boots of stealth (worn)
Jewellery
 q - the ring of Vets {Str+6 Int+4}
   (You found it on level 4 of the Snake Pit)

   [ring of strength]

   Str+6:     It affects your strength (+6).
   Int+4:     It affects your intelligence (+4).
 w - a ring of poison resistance
 y - a +5 ring of evasion
 L - a +6 ring of intelligence
 P - a ring of protection from cold (right hand)
 R - a +4 ring of protection
 U - a ring of protection from fire (left hand)
 X - a ring of resist corrosion
Wands
 b - a wand of polymorph (15)
 t - a wand of iceblast (22)
 v - a wand of digging (11)
 z - a wand of light (18)
 A - a wand of mindburst (41)
 C - a wand of flame (76)
Scrolls
 g - 14 scrolls of teleportation
 h - 10 scrolls of identify
 j - 4 scrolls of immolation
 n - 6 scrolls of enchant weapon
 s - 3 scrolls of vulnerability
 x - a scroll of butterflies
 B - 2 scrolls of blinking
 G - 4 scrolls of amnesia
 J - 8 scrolls of fear
 K - 2 scrolls of revelation
 M - 2 scrolls of poison
 O - 3 scrolls of silence
 V - 3 scrolls of enchant armour
Potions
 a - a potion of cancellation
 c - 3 potions of berserk rage
 d - 6 potions of might
 f - 2 potions of ambrosia
 i - 3 potions of heal wounds
 k - 14 potions of curing
 l - 6 potions of enlightenment
 m - 6 potions of brilliance
 o - 6 potions of invisibility
 p - 5 potions of haste
 u - 3 potions of attraction
 D - 3 potions of resistance
 W - 3 potions of magic
Miscellaneous
 N - a condenser vane


   Skills:
 + Level 16.0(21.0) Fighting
 - Level 14.0(19.0) Polearms
 + Level 8.7(13.7) Throwing
 + Level 15.4(20.4) Armour
 + Level 8.7(13.7) Dodging
 + Level 14.2(19.2) Shields
 + Level 8.2 Invocations


You had 12 spell levels left.
You knew the following spells:

 Your Spells              Type           Power      Damage    Failure   Level
a - Passage of Golubria   Tloc           0%         N/A       100%        4

Your spell library contained the following spells:

 Spells                   Type           Power      Damage    Failure   Level
 Apportation              Tloc           0%         N/A       100%        1
 Necrotise                Necr           0%         1d4       100%        1
 Sting                    Tmut/Pois      0%         1d3       100%        1
 Poisonous Vapours        Pois/Air       0%         N/A       100%        2
 Dazzling Flash           Conj/Hex       0%         N/A       100%        3
 Frozen Ramparts          Ice            0%         1d1       100%        3
 Volatile Blastmotes      Fire/Tloc      0%         2d10      100%        3
 Olgreb's Toxic Radiance  Pois           0%         N/A       100%        4
 Petrify                  Tmut/Erth      0%         N/A       100%        4
 Iskenderun's Battlesphe  Conj           0%         2d6       100%        5
 Metabolic Englaciation   Hex/Ice        0%         N/A       100%        5
 Silence                  Hex/Air        0%         N/A       100%        5
 Bombard                  Conj/Erth      0%         9d1       100%        6
 Starburst                Conj/Fire      0%         6d3       100%        6
 Borgnjor's Revivificati  Necr           0%         N/A       100%        8
 Lehudib's Crystal Spear  Conj/Erth      0%         10d2      100%        8
 Maxwell's Capacitive Co  Air            0%         ∞         100%        8
 Death's Door             Necr           0%         N/A       100%        9
 Summon Small Mammal      Summ           Unusable   N/A       N/A         1
 Haunt                    Necr/Summ      Unusable   N/A       N/A         7
 Spellforged Servitor     Conj/Summ      Unusable   N/A       N/A         7

Dungeon Overview and Level Annotations

Branches:
Dungeon (14/15)            Temple (0/1) D:5            Lair (5/5) D:9
 Shoals (4/4) Lair:3        Snake (4/4) Lair:3        Slime (0/5) Lair:5
    Orc (2/2) D:11            Elf (0/3) Orc:2        Vaults (0/5) D:13
Volcano (visited)

Altars:
Ashenzari
Cheibriados
Dithmenos
Fedhas
Gozag
Hepliaklqana
Kikubaaqudgha
Makhleb
Okawaru
Sif Muna
Trog
Vehumet
Jiyva
Lugonu

Shops:
D:13 ?(!   Orc:2 [(!:   Shoals:3 :   Shoals:4 *   Snake:2 :=:   Snake:3 :

Portals:
Abyss: Shoals:2
Trove: D:14 (give +5 demon blade)

Annotations:
Lair:1 exclusion: 2 oklob plants
Shoals:2 1 runed translucent door
Shoals:3 1 runed translucent door, Splat's ghost, adept MiGl


Innate Abilities, Weirdness & Mutations

You have a pair of large horns on your head.
You are partially covered in slimy green scales. (AC +2)
Your demonic aura often causes spilled blood to erupt in flames.
You regenerate a lot of health from kills.
You sometimes lose your temper in combat.
You are dopey. (Int -2)


Message History

* * * LOW HITPOINT WARNING * * *
The merfolk impaler hits you from afar with a +2 trident of venom.
* * * LOW HITPOINT WARNING * * *
You feel much better.
* * * LOW HITPOINT WARNING * * *
Your lungs strain for air!
You feel sick.
The merfolk aquamancer barely misses you.
The merfolk impaler hits you but does no damage.
You are more poisoned.
The merfolk impaler hits you but does no damage.
The water nymph touches you. The water nymph drowns you!
* * * LOW HITPOINT WARNING * * *
You block the water elemental's attack.
The merfolk aquamancer hits you but does no damage. x2
The merfolk impaler hits you but does no damage.
The merfolk siren hits you from afar with a +0 spear!
* * * LOW HITPOINT WARNING * * *
You cannot read scrolls while unable to breathe!
Okay, then.
You hit the water elemental but do no damage.
You headbutt the water elemental!!
The water elemental is heavily damaged.
* * * LOW HITPOINT WARNING * * *
Your lungs strain for air!
* * * LOW HITPOINT WARNING * * *
You feel sick. The merfolk impaler barely misses you.
The merfolk impaler hits you but does no damage.
You are more poisoned.
You block the merfolk aquamancer's attack.
You feel much better.
* * * LOW HITPOINT WARNING * * *
Your lungs strain for air!
* * * LOW HITPOINT WARNING * * *
You feel very sick. You block the water elemental's attack.
The merfolk impaler barely misses you. The water nymph touches you.
* * * LOW HITPOINT WARNING * * *
The water nymph drowns you!
You die...

......<.~~~~~~~~)~~~~~~~~~≈≈≈≈≈≈
~...).~~~~~~~..†~~~~~~~~~~≈≈≈≈≈≈
....))~~~~~~..#####~~~~~~≈≈≈≈≈≈≈
.~~..~~~~~~..##...##~~~~~≈~~~≈≈≈
~~...)~~.....#.....#~~~~~≈~~~~≈≈
~~..#.?~~~...#..φ..#~~.~≈≈~~~~≈≈
~~......~~...#.m~mm#~~.~~~~~~≈≈≈
~~~..........##Emm##..~.~≈≈~~~≈
~~~....##.....##@##...~...~~~~≈
~~~~...##......m§☼......#..~~~≈
~~~~~...#.......§.........~~~~~
~≈≈~~~..<..................~~~~
~≈≈≈~~....................~~~~~
~≈≈≈≈~~~~~...............~~~~~~
~≈≈≈≈≈~~~~~~.........~~~~~~~~
≈≈~~~.....~~~~~~~~~≈
≈≈~~~~~~~~~~~~~~~


You could see 2 merfolk impalers, 2 merfolk aquamancers, a water elemental, a
merfolk siren and a water nymph.

Vanquished Creatures
  Jorgrun (D:13)
  Aizul (Snake:4)
  11 nagarajas
  An orc warlord (Orc:2)
  A fire dragon (Shoals:1)
  A merfolk javelineer (Shoals:2)
  4 merfolk impalers
  Harold (D:10)
  5 vault guards (D:13)
  A rakshasa (D:14)
  Fannar (Lair:3)
  Erolcha (Orc:2)
  4 merfolk avatars
  3 hydras
  2 catoblepae
  7 anacondas
  4 boulder beetles
  2 merfolk aquamancers (Shoals:4)
  4 centaur warriors
  10 death yaks
  7 naga warriors
  2 alligator snapping turtles
  A tengu warrior (D:14)
  5 shock serpents
  3 two-headed ogres
  2 satyrs
  12 naga sharpshooters
  5 orc high priests
  A deep elf knight (D:13)
  A hell knight (Volcano)
  2 skysharks (Shoals:1)
  4 salamander mystics
  2 naga ritualists
  18 sea snakes
  An arcanist (D:13)
  28 harpies
  2 orc knights
  3 mana vipers
  11 ugly things
  5 orc sorcerers
  4 deep elf pyromancers
  4 cyclopes
  9 manticores
  8 fauns
  An apocalypse crab (Shoals:2)
  9 merfolk sirens
  12 salamanders
  10 elephants
  8 guardian serpents
  Maurice (D:13)
  5 water nymphs
  22 black mambas
  10 naga magi
  17 cane toads
  2 torpor snails
  2 gargoyles
  An efreet (D:13)
  10 komodo dragons
  2 rime drakes
  A kobold demonologist (D:5)
  3 meliai (D:14)
  3 polar bears (Lair:5)
  7 trolls
  2 hornets (Lair:5)
  35 merfolk
  A wind drake (shapeshifter) (D:13)
  3 wind drakes
  2 dream sheep (Lair:5)
  16 blink frogs
  4 snapping turtles
  21 slime creatures
  2 shadows
  11 spriggans (Lair:5)
  A wraith (D:13)
  Sigmund (D:5)
  5 wyverns
  A water elemental (Shoals:2)
  9 basilisks
  6 fire bats (Volcano)
  48 yaks
  A small abomination (Orc:2)
  A human (D:13)
  Grum (D:10)
  2 steam dragons
  A warg (Orc:2)
  8 vampire mosquitoes (D:13)
  Edmund (D:4)
  A redback (shapeshifter) (D:13)
  Menkaure (D:6)
  An acid dragon (D:12)
  Duvessa (D:6)
  36 nagas
  20 water moccasins
  29 orc warriors
  4 sky beasts
  4 black bears
  9 ogres
  47 wolves
  9 boggarts (Lair:5)
  4 centaurs
  3 phantoms
  2 kobold brigands
  18 bullfrogs
  Blork the orc (D:6)
  7 scorpions
  17 wights
  Dowan (D:6)
  14 killer bees
  A vampire bat (D:5)
  8 electric eels
  4 howler monkeys
  6 lava snakes (Volcano)
  4 jellies
  25 orc priests
  A gnoll bouda (D:7)
  3 hounds
  Natasha (twice) (D:4)
  2 iguanas (D:6)
  20 orc wizards
  8 gnolls
  7 adders
  3 white imps
  2 ufetubi (D:6)
  3 dart slugs
  64 orcs
  8 ball pythons
  2 bats
  3 bat skeletons (D:5)
  3 bat zombies (D:5)
  7 endoplasms
  4 giant cockroaches
  7 hobgoblins
  4 jackals (D:4)
  5 quokkas
  5 frilled lizards
  10 goblins
  12 kobolds
  5 rats
981 creatures vanquished.

Vanquished Creatures (others)
  A merfolk aquamancer (Shoals:4)
  3 orcs
4 creatures vanquished.

Grand Total: 985 creatures vanquished

Notes
Turn   | Place    | Note
-------+----------+-------------------------------------------
     0 | D:1      | Partyfoot the Demonspawn Fighter began the quest for the
                  | Orb.
     0 | D:1      | Reached XP level 1. HP: 18/18 MP: 1/1
   116 | D:1      | Gained mutation: You have a pair of small horns on your
                  | head. [demonic ancestry]
   116 | D:1      | Reached XP level 2. HP: 24/24 MP: 2/2
   834 | D:2      | Gained mutation: Your demonic aura sometimes causes spilled
                  | blood to erupt in flames. [demonic ancestry]
   834 | D:2      | Reached XP level 3. HP: 29/29 MP: 3/3
  1219 | D:2      | Found a faded altar of an unknown god.
  1859 | D:3      | Found the +8 trident of the Octopus King {venom, rElec
                  | rPois}
  1892 | D:3      | Gained mutation: You have a pair of horns on your head.
                  | [demonic ancestry]
  1892 | D:3      | Reached XP level 4. HP: 37/37 MP: 4/4
  2125 | D:3      | Found an iron altar of Okawaru.
  2138 | D:3      | Became a worshipper of Warmaster Okawaru
  2333 | D:4      | Noticed an ogre
  2340 | D:4      | Killed an ogre
  2341 | D:4      | Reached skill level 4 in Fighting
  2341 | D:4      | Reached XP level 5. HP: 31/43 MP: 5/5
  2472 | D:4      | Noticed a sky beast
  2499 | D:4      | Killed a sky beast
  2499 | D:4      | Reached * piety under Okawaru
  2500 | D:4      | Reached XP level 6. HP: 47/49 MP: 6/6
  2532 | D:4      | Noticed Edmund
  2552 | D:4      | Killed Edmund
  2553 | D:4      | Reached skill level 5 in Fighting
  2934 | D:4      | Noticed Natasha
  2937 | D:4      | Killed Natasha
  2946 | D:4      | Reached XP level 7. HP: 56/56 MP: 7/7
  3048 | D:4      | Reached skill level 5 in Shields
  3104 | D:5      | Entered Level 5 of the Dungeon
  3151 | D:4      | Noticed Natasha
  3156 | D:4      | Killed Natasha
  3184 | D:5      | Reached ** piety under Okawaru
  3188 | D:5      | Identified a scroll of acquirement
  3188 | D:5      | Acquired the +3 Mad Mage's Maulers {Infuse+∞ VampMP -Cast}
  3188 | D:5      | Found the +3 Mad Mage's Maulers {Infuse+∞ VampMP -Cast}
  3234 | D:5      | Reached skill level 6 in Fighting
  3234 | D:5      | Reached skill level 5 in Polearms
  3242 | D:5      | Reached XP level 8. HP: 52/64 MP: 1/8
  3343 | D:5      | Found a staircase to the Ecumenical Temple.
  3718 | D:5      | Found an ancient bone altar of Kikubaaqudgha.
  3988 | D:5      | Found a snail-covered altar of Cheibriados.
  4408 | D:5      | Noticed a kobold demonologist
  4409 | D:5      | Noticed a rust devil
  4431 | D:5      | Noticed a sun demon
  4436 | D:5      | Noticed a smoke demon
  4443 | D:5      | Killed a kobold demonologist
  4444 | D:5      | Reached skill level 7 in Fighting
  4639 | D:5      | Noticed Sigmund
  4643 | D:5      | Killed Sigmund
  4699 | D:5      | Reached *** piety under Okawaru
  4987 | D:6      | Noticed Menkaure
  4993 | D:6      | Killed Menkaure
  4994 | D:6      | Gained mutation: You regenerate a little health from kills.
                  | [demonic ancestry]
  4994 | D:6      | Reached XP level 9. HP: 64/72 MP: 1/9
  5490 | D:6      | Noticed Blork the orc
  5501 | D:6      | Killed Blork the orc
  5601 | D:6      | Noticed Duvessa
  5616 | D:6      | Killed Duvessa
  5617 | D:6      | Noticed Dowan
  5622 | D:6      | Killed Dowan
  6045 | D:6      | Reached skill level 8 in Fighting
  6780 | D:7      | Found a burning altar of Makhleb.
  6782 | D:7      | Reached **** piety under Okawaru
  7647 | D:7      | Identified the +1 rapier of Grand Tortfeasance {venom,
                  | Int+2}
  7725 | D:7      | Found a broken altar of Ashenzari.
  7939 | D:7      | Found a hazy altar of Hepliaklqana.
  7939 | D:7      | Found a radiant altar of Vehumet.
  8240 | D:8      | Reached skill level 9 in Fighting
  8315 | D:8      | Found an opulent altar of Gozag.
  8461 | D:8      | Gained mutation: You regenerate health from kills. [demonic
                  | ancestry]
  8461 | D:8      | Reached XP level 10. HP: 83/83 MP: 3/10
  9119 | D:8      | Reached ***** piety under Okawaru
  9595 | D:9      | Noticed a two-headed ogre
  9597 | D:9      | Killed a two-headed ogre
  9732 | D:9      | Reached skill level 10 in Fighting
 10114 | D:9      | Received a gift from Okawaru
 10338 | D:9      | Noticed a boulder beetle
 10364 | D:9      | Noticed an elephant
 10378 | D:9      | Gained mutation: Your demonic aura often causes spilled
                  | blood to erupt in flames. [demonic ancestry]
 10378 | D:9      | Reached XP level 11. HP: 90/90 MP: 2/11
 10395 | D:9      | Killed a boulder beetle
 10486 | D:9      | Identified the +0 robe "Deat" {rF- rN++ Will- Dex+3}
 10674 | D:9      | Noticed a two-headed ogre
 10679 | D:9      | Killed a two-headed ogre
 10679 | D:9      | Received a gift from Okawaru
 11073 | D:9      | Found a staircase to the Lair.
 11129 | Lair:1   | Entered Level 1 of the Lair of Beasts
 11212 | Lair:1   | Reached skill level 5 in Armour
 11530 | Lair:1   | Reached skill level 10 in Shields
 11753 | Lair:1   | Noticed an oklob plant
 11771 | Lair:1   | Reached skill level 10 in Polearms
 11851 | Lair:1   | Received a gift from Okawaru
 12177 | Lair:1   | Noticed a death yak
 12177 | Lair:1   | Noticed a death yak
 12177 | Lair:1   | Noticed a death yak
 12184 | Lair:1   | Killed a death yak
 12193 | Lair:1   | Killed a death yak
 12194 | Lair:1   | Killed a death yak
 12608 | Lair:1   | Received a gift from Okawaru
 12766 | Lair:1   | Found a blossoming altar of Fedhas.
 12778 | Lair:1   | Noticed an oklob plant
 12887 | Gauntlet | Identified the of Cirph
 13169 | Lair:2   | Gained mutation: You have a pair of large horns on your
                  | head. [demonic ancestry]
 13169 | Lair:2   | Reached XP level 12. HP: 91/97 MP: 1/12
 13382 | Lair:2   | Reached ****** piety under Okawaru
 13388 | Lair:2   | Acquired a +0 demon trident of freezing
 13388 | Lair:2   | Received a gift from Okawaru
 13390 | Lair:2   | Acquired the +9 crystal plate armour of Somewhere Else
                  | {Rampage Str+2 Slay+3}
 13390 | Lair:2   | Received a gift from Okawaru
 13756 | Lair:2   | Received a gift from Okawaru
 14885 | Lair:3   | Received a gift from Okawaru
 14893 | Lair:3   | Found a staircase to the Snake Pit.
 15108 | Lair:3   | Found a staircase to the Shoals.
 15499 | Lair:3   | Noticed Fannar
 15505 | Lair:3   | Killed Fannar
 15658 | Lair:3   | Received a gift from Okawaru
 16194 | Lair:3   | Noticed an eight-headed hydra
 16198 | Lair:3   | Killed an eight-headed hydra
 16467 | Lair:4   | Reached XP level 13. HP: 103/103 MP: 0/13
 17456 | Lair:4   | Received a gift from Okawaru
 18411 | Lair:5   | Entered Level 5 of the Lair of Beasts
 18547 | Lair:5   | Reached skill level 11 in Fighting
 18800 | Lair:5   | Received a gift from Okawaru
 19001 | Lair:5   | Paralysed by a hornet for 1 turns
 19022 | Lair:5   | Reached skill level 10 in Armour
 19142 | Lair:5   | Found the +2 hat of the Bear Spirit {Spirit, Bear, *Rage
                  | Will++}
 19287 | Lair:5   | Found a viscous altar of Jiyva.
 19289 | Lair:5   | Found a staircase to the Slime Pits.
 19374 | Lair:5   | Received a gift from Okawaru
 20094 | Lair:5   | Reached skill level 12 in Fighting
 20098 | Lair:5   | Gained mutation: You are partially covered in slimy green
                  | scales. (AC +2) [demonic ancestry]
 20098 | Lair:5   | Reached XP level 14. HP: 115/115 MP: 0/14
 20212 | Lair:5   | Received a gift from Okawaru
 21055 | D:10     | Entered Level 10 of the Dungeon
 21064 | D:10     | Noticed Harold
 21070 | D:10     | Killed Harold
 21372 | D:10     | Found a bloodstained altar of Trog.
 21376 | D:10     | Found a shimmering blue altar of Sif Muna.
 21702 | D:10     | Noticed Grum
 21710 | D:10     | Killed Grum
 21779 | D:10     | Found a shadowy altar of Dithmenos.
 22434 | D:11     | Found a staircase to the Orcish Mines.
 22465 | Orc:1    | Entered Level 1 of the Orcish Mines
 22499 | Orc:1    | Received a gift from Okawaru
 22619 | Orc:1    | Found a dark tunnel.
 22624 | Volcano  | Entered a volcano
 22893 | Volcano  | Found a radiant altar of Vehumet.
 22990 | Volcano  | Found a bloodstained altar of Trog.
 23083 | Orc:2    | Entered Level 2 of the Orcish Mines
 23649 | Orc:2    | Reached skill level 13 in Fighting
 23693 | Orc:2    | Received a gift from Okawaru
 23710 | Orc:2    | Gained mutation: You sometimes lose your temper in combat.
                  | [a neqoxec]
 23843 | Orc:2    | Found Rosawk's Book Emporium.
 23843 | Orc:2    | Found Siqecir's Distillery.
 23846 | Orc:2    | Found Obli Epili's Armour Shoppe.
 23848 | Orc:2    | Found Oschedax's Antique Weapon Shoppe.
 23851 | Orc:2    | Noticed Erolcha
 23851 | Abyss:2  | Cast into level 2 of the Abyss (Erolcha)
 23892 | Orc:2    | Escaped the Abyss
 23903 | Orc:2    | Killed Erolcha
 23909 | Orc:2    | Bought a potion of magic for 104 gold pieces
 23909 | Orc:2    | Bought a potion of might for 52 gold pieces
 23909 | Orc:2    | Bought a potion of curing for 39 gold pieces
 24111 | Orc:2    | Reached skill level 1 in Dodging
 24118 | Orc:2    | Reached skill level 1 in Throwing
 24118 | Orc:2    | Found a staircase to the Elven Halls.
 24388 | Orc:1    | Noticed an orc warlord
 24526 | Orc:2    | Killed an orc warlord
 24822 | D:12     | Received a gift from Okawaru
 25615 | D:12     | Reached XP level 15. HP: 124/124 MP: 1/15
 25918 | D:13     | Identified the +2 hand axe of Eternity {drain, rN+ Dex-2
                  | SInv Stlth+}
 26317 | D:13     | Received a gift from Okawaru
 26546 | D:13     | Found Weutefe's Distillery.
 26553 | D:13     | Noticed Maurice
 26559 | D:13     | Killed Maurice
 26570 | D:13     | Bought 2 potions of berserk rage for 190 gold pieces
 27044 | D:13     | Gained mutation: You are dopey. (Int -2) [a neqoxec]
 27061 | D:13     | Reached skill level 14 in Fighting
 27169 | D:13     | Found a gate to the Vaults.
 27331 | D:13     | Received a gift from Okawaru
 27551 | D:13     | Noticed Jorgrun
 27560 | D:13     | Killed Jorgrun
 27767 | D:13     | Found Qegacw's Weapon Shop.
 28147 | D:13     | Found Yro Vani's Magic Scroll Shoppe.
 28153 | D:13     | Bought a scroll of blinking for 105 gold pieces
 28153 | D:13     | Bought a scroll of identify for 28 gold pieces
 28153 | D:13     | Bought a scroll of identify for 28 gold pieces
 28153 | D:13     | Bought a scroll of identify for 28 gold pieces
 28153 | D:13     | Bought a scroll of identify for 28 gold pieces
 29302 | D:14     | Reached skill level 5 in Throwing
 29309 | D:14     | Reached skill level 5 in Dodging
 29382 | D:14     | Found a portal to a secret trove of treasure.
 29697 | D:14     | Received a gift from Okawaru
 30190 | Shoals:1 | Entered Level 1 of the Shoals
 30278 | Snake:1  | Entered Level 1 of the Snake Pit
 30827 | Snake:1  | Reached XP level 16. HP: 115/134 MP: 1/16
 31218 | Snake:1  | Received a gift from Okawaru
 32778 | Snake:2  | Found Temai's Book Emporium.
 32780 | Snake:2  | Found Xofigypa's Jewellery Shop.
 32781 | Snake:2  | Found Qigyrod's Book Emporium.
 32796 | Snake:2  | Bought a manual of Armour for 1520 gold pieces
 32974 | Snake:2  | Identified the +4 plate armour of Defiance {rF- rCorr
                  | Str+5}
 33053 | Snake:2  | Reached skill level 1 in Invocations
 33789 | Snake:3  | Received a gift from Okawaru
 34428 | Snake:3  | Reached skill level 15 in Fighting
 34658 | Snake:3  | Found Jimyejom's Self-Published Books.
 34859 | Snake:4  | Entered Level 4 of the Snake Pit
 35003 | Snake:4  | Received a gift from Okawaru
 35229 | Snake:4  | Identified the serpent talisman of Death's Door {rPois
                  | Will+ Int-5 Dex+4}
 35229 | Snake:4  | Noticed Aizul
 35246 | Snake:4  | Killed Aizul
 35379 | Snake:4  | Identified the ring of Vets {Str+6 Int+4}
 35713 | Snake:4  | Received a gift from Okawaru
 36179 | Snake:4  | Reached skill level 5 in Invocations
 36470 | Snake:4  | Gained mutation: You regenerate a lot of health from kills.
                  | [demonic ancestry]
 36470 | Snake:4  | Reached XP level 17. HP: 87/142 MP: 2/21
 36478 | Snake:4  | Received a gift from Okawaru
 36678 | Snake:4  | Got a serpentine rune of Zot
 38217 | Shoals:1 | Identified the +4 glaive of the Mauling Penguin {flame, rC+
                  | Str+6 Dex-5 Stlth+}
 38749 | Shoals:2 | Found a runed translucent door.
 38752 | Shoals:2 | Found a corrupted altar of Lugonu.
 38752 | Shoals:2 | Found a one-way gate to the infinite horrors of the Abyss.
 38878 | Shoals:2 | Received a gift from Okawaru
 40283 | Shoals:3 | Found a runed translucent door.
 40283 | Shoals:3 | Noticed Splat's ghost (adept MiGl)
 40693 | Shoals:3 | Found Muoxomesh's Book Emporium.
 40799 | Shoals:3 | Learned a level 4 spell: Passage of Golubria
 41127 | Shoals:3 | Acquired a manual of Shields
 41392 | Shoals:4 | Entered Level 4 of the Shoals
 41407 | Shoals:4 | Received a gift from Okawaru
 41408 | Shoals:4 | Reached skill level 15 in Armour
 41799 | Shoals:4 | Received a gift from Okawaru
 42190 | Shoals:4 | Found Necof's Assorted Antiques.
 42193 | Shoals:4 | Bought a scroll of enchant weapon for 202 gold pieces
 42236 | Shoals:4 | Reached skill level 16 in Fighting
 42245 | Shoals:4 | HP: 6/144 [merfolk siren/+0 spear (9)]
 42246 | Shoals:4 | HP: 2/144 [drowned by a water elemental (4)]
 42247 | Shoals:4 | Drowned by a water nymph

Illustrated notes

Levels and vault maps discovered:
D:1:      lemuel_arrival_broad_hall, layout_loops_corners
D:2:      layout_basic, shapermc_ecumenical_altar_petra, serial_rivers,
          chequers_serial_rivers_small_3, chequers_serial_rivers_room_a,
          chequers_serial_rivers_marsh, chequers_serial_rivers_micro_e,
          chequers_serial_rivers_small_b, chequers_serial_rivers_room_b
D:3:      layout_rooms, mainiacjoe_overflow_tiny_flanked, serial_curves,
          eino_curves_01, eino_curves_02, eino_curves_01
D:4:      layout_loops_ring, serial_bayou, serial_bayou_lagoon_b,
          serial_bayou_ford_a, serial_bayou_crossing, serial_bayou_pond_b,
          uniq_edmund, uniq_natasha
D:5:      cheibrodos_two_vegetables, layout_gridville, kennysheep_slug_shrine,
          kennysheep_vampire_church, minmay_temple_entry_water_ring,
          uniq_sigmund
D:6:      layout_gridville, nicolae_lava_and_water, uniq_menkaure,
          uniq_blork_the_orc, uniq_duvessa
D:7:      layout_cave_pods, lemuel_tele_altar, ashenzari_altar_1,
          gammafunk_temple_overflow_wave
D:8:      wad_cavern_with_rooms, layout_loops_ring, overflow_temple_1_default,
          enter_bailey_3
D:9:      layout_basic, grunt_lair_entry_orc_guard_hut,
          minmay_mirror_moons_of_madness
D:10:     layout_irregular_city, hellmonk_overflow_destroyed_library,
          kennysheep_little_box, grunt_decor_cap,
          amcnicky_mini_corridor_feature, st_stairs_13,
          minmay_misc_feat_enclosed, uniq_harold, uniq_grum
D:11:     layout_loops_cross, orc_0_dummy
D:12:     layout_cave_pools, minmay_tree_intersection, argonaut_gorgonesque
D:13:     argonaut_augean_stables, layout_gridville,
          grunt_vaults_entry_fortified, serial_shops,
          nicolae_shop_bloodbath_and_beyond, shop, nicolae_shop_rolling_square,
          minmay_misc_feat_iff, minmay_circle_x, uniq_maurice, uniq_jorgrun
D:14:     layout_roguey, nicolae_trove_entry_crossroad, nicolae_triple_integral
Lair:1:   layout_roguey, minmay_lair_oklob_items, tgw_fedhas, lemuel_fruit_tree
Lair:2:   layout_hall_layers, gauntlet_entry_generic
Lair:3:   cheibrodos_lair_river_kwai, layout_concentric_octagons,
          nicolae_shoals_entry_roost, minmay_snake_entry_guardpost_medium,
          uniq_fannar
Lair:4:   layout_layer_cave, chequers_serial_rivers_micro_a, grunt_megastairs_3
Lair:5:   minmay_lair_end_enchanted_forest, layout_gridlike, slime_entry_1,
          st_stairs_7, kilobyte_rumbling_trees
Shoals:1: argonaut_golden_fleece, layout_shoals,
          nicolae_shoals_spring_well_temple
Shoals:2: layout_shoals, nicolae_shoals_abyss_on_the_beach
Shoals:3: layout_shoals, hellmonk_ghost_happy_afterlife, serial_shops, shop,
          nicolae_shoals_wave_tunnel
Shoals:4: shoals_end_simple, layout_shoals, serial_shops,
          nicolae_shop_behind_doors
Snake:1:  layout_gridlike, st_stairs_13, nicolae_integral_box
Snake:2:  layout_onion_interference, special_room, minmay_shop_grove
Snake:3:  layout_onion_interference, nicolae_snake_snake_lake,
          nicolae_custom_books
Snake:4:  grunt_snake_rune_pools, layout_cave_town, grunt_megastairs_2,
          minmay_shop_star, uniq_aizul
Orc:1:    layout_caves, enter_volcano_4
Orc:2:    st_orc_mages, layout_caves, lemuel_statue_altar, uniq_erolcha

Skill      XL: |  1  2  3  4  5  6  7  8  9 10 11 12 13 14 15 16 17 |
---------------+----------------------------------------------------+-----
Polearms       | 2 3 4 5 6 7 9 10 12 13 14 | 14.0
Shields        | 3 4 5 6 8 9 10 12 13 14 | 14.2
Fighting       | 4 5 6 7 9 10 12 13 14 15 16 | 16.0
Armour         | 3 6 8 10 12 13 14 15 | 15.4
Dodging        | 2 5 7 8 |  8.7
Throwing       | 2 5 7 8 |  8.7
Invocations    | 5 8 |  8.2

Action                     |  1- 3 |  4- 6 |  7- 9 | 10-12 | 13-15 | 16-18 || total
---------------------------+-------+-------+-------+-------+-------+-------++-------
  Melee: Trident           |   108 |    52 |   214 |   372 |  1105 |   780 ||  2631
         Headbutt          |    12 |     5 |    19 |    58 |   197 |   121 ||   412
  Throw: Javelin           |       |       |       |       |       |     3 ||     3
 Invoke: Heroism           |       |       |       |     1 |     3 |     4 ||     8
         Receive Weapon    |       |       |       |     1 |       |       ||     1
         Receive Armour    |       |       |       |     1 |       |       ||     1
         Finesse           |       |       |       |       |       |     1 ||     1
    Use: Scroll            |       |       |    16 |     5 |     8 |     3 ||    32
         Potion            |       |       |       |       |     1 |     8 ||     9
 Armour: Scale mail        |    33 |    17 |       |       |       |       ||    50
         Plate armour      |       |     5 |   131 |   169 |       |       ||   305
         Crystal plate arm |       |       |       |    55 |   650 |   624 ||  1329
  Dodge: Dodged            |    31 |     7 |    49 |   104 |   256 |   166 ||   613
  Block: Buckler           |    17 |     8 |    33 |    80 |   184 |       ||   322
         Kite shield       |       |       |       |       |   104 |   403 ||   507
         Reflection        |       |       |       |       |    19 |    52 ||    71

Table legend: (Time is in decaauts)
 A = Elapsed time spent in this place.
 B = Non-inter-level travel time spent in this place.
 C = Inter-level travel time spent in this place.
 D = Time resting spent in this place.
 E = Time spent auto-exploring this place.
 F = Levels seen in this place.
 G = Mean time per level.
                   A        B        C        D        E       F      G
               +--------+--------+--------+--------+--------+-----+--------+
         Total |  42320 |  40017 |   2303 |   2786 |  32034 |  31 | 1365.2 |
       Dungeon |  17895 |  16861 |   1034 |    995 |  13660 |  14 | 1278.2 |
          Lair |   9976 |   9418 |    558 |    298 |   8250 |   5 | 1995.2 |
        Shoals |   5608 |   5406 |    202 |    338 |   4228 |   4 | 1402.0 |
     Snake Pit |   6615 |   6310 |    305 |    600 |   4977 |   4 | 1653.8 |
  Orcish Mines |   1780 |   1577 |    203 |    554 |    685 |   2 |  890.0 |
         Abyss |     40 |     40 |      0 |      0 |      0 |   1 |   40.0 |
       Volcano |    403 |    403 |      0 |      0 |    234 |   1 |  403.0 |
               +--------+--------+--------+--------+--------+-----+--------+

Top non-repeatable levels by time:
    D:13: 2790 daAuts
  Lair:5: 2421 daAuts
 Snake:1: 2135 daAuts
  Lair:4: 2093 daAuts
  Lair:1: 1946 daAuts
 Snake:4: 1900 daAuts
  Lair:3: 1877 daAuts
     D:5: 1793 daAuts
     D:6: 1681 daAuts
Shoals:3: 1681 daAuts
  Lair:2: 1637 daAuts
     D:8: 1610 daAuts
Shoals:2: 1565 daAuts
     D:9: 1553 daAuts
Shoals:1: 1483 daAuts
